Workbook

Sheet Data Entry
A1: DATA COLLECTION FOR CALCULATION
A3: Basic Property Information
A4: Property address =
A5: County | B5: =
A6: Appraised Value =
A7: Number of bedrooms of the house you are selling | G7: =
A9: Public/Area Information
A10: 50% Area Median Income (in county) for household size of | F10: =H7+1 -> 1 | G10: = | J10: 65% AMI = | K10: =+(H10*2)*0.65 -> 0
B11: Find the HUD Area Median Income in your area HERE
A12: Current market interest rate for a 30 year mortgage | G12: = | I12: Date accessed = | L12: (xx/xx/xxxx)
B13: We recommend using the "FirstHome - Govt" interest rate for consistency if it is available HERE
B14: Source of mortgage interest rate =
B15: Obtain the market interest rate when you get an appraisal on the home for closing (usually within 30 days of closing)
A17: Monthly Payment information:
B18: Taxes = | D18: =C18*12 -> 0 | E18: Annual Taxes
B19: Insurance = | D19: =C19*12 -> 0 | E19: Annual Insurance
B20: Land Lease Fee =
B21: HOA Fees =
B22: Other = | C22: 0
A24: For Calculating the Leasehold Value
A25: The Market-Derived Capitalization Rate (30 yrs.) = | F25: Enter in the 30 year rate for the most recent date
B26: The market-derived capitalization rate can be found HERE
A27: Date Accessed = | D27: (xx/xx/xxxx)
A29: NOTES:
A30: Be sure to type in (not paste in) data when you are entering percentages, etc.
A31: See information on assumptions or the calculations used, please see other tabs.

Sheet Base Price Calculation
A1: Property = | C1: ='Data Entry'!C4:K4 -> 0
A2: The Affordable Base Price for Permanent Affordability
A4: Summary | F4: House price
C5: Final Affordable Base Price = | F5: =MIN(D38,F9) -> #DIV/0!
B8: Affordable Base Price for 65% AMI buyer = | F8: =D38 -> 0
B9: 80% of the leasehold value of the house = | F9: =D50 -> #DIV/0!
A11: Calculation Breakdown: Affordable Base Price Using Assumptions
A13: 1 | B13: Number of bedrooms of the house you are selling = | F13: ='Data Entry'!H7 -> 0
C14: Household size (# of bedrooms +1) = | F14: ='Data Entry'!F10 -> 1
A16: 2 | B16: 65% AMI = | C16: ='Data Entry'!K10 -> 0
A18: 3 | B18: Current market interest rate = | E18: ='Data Entry'!H12 -> 0
D19: Date accessed = | E19: ='Data Entry'!K12 -> 0
F20: Estimated market interest rate for calc = (current rate +1%) = | G20: ='Data Entry'!H12+1% -> 0.01
C22: AMI = | D22: =+'Data Entry'!K10 -> 0
C23: Gross Monthly Income | D23: =+D22/12 -> 0
A25: 4 | C25: Housing Cost @30% | D25: =+D23*0.3 -> 0
C27: Principle + Interest | D27: =+D25-D34 -> 0
C28: Monthly Escrow-
C29: Taxes | D29: ='Data Entry'!C18 -> 0
C30: Insurance | D30: ='Data Entry'!C19 -> 0
C31: Land Lease Fee | D31: ='Data Entry'!C20 -> 0
C32: HOA | D32: ='Data Entry'!C21 -> 0
C33: Other | D33: ='Data Entry'!C22 -> 0
D34: =SUM(D29:D33) -> 0
B37: PV(interest rate/12,360 , -(principle+interest))
C38: Principle = | D38: =PV((G20/12),360,-D27) -> 0 | E38: This is the Affordable Base Price using the 65% AMI affordability standard
A40: Fannie Mae Loan Maximum
E42: Annual Lease Fee = | F42: ='Data Entry'!C20*12 -> 0
E43: The Market-Derived Capitalization Rate (30 yrs.) = | F43: ='Data Entry'!E25 -> 0
C45: Appraised value = | D45: ='Data Entry'!C6 -> 0
C46: Lease fee value = | D46: =F42/F43 -> #DIV/0!
D47: =D45-D46 -> #DIV/0! | E47: Leasehold Value
C49: 80% of Leasehold Value
D50: =D47*0.8 -> #DIV/0!

Sheet Calculation Explanations
A1: Assumptions, Definitions and Explanations Behind the Affordable Base Price
A3: Calculation Assumptions
A4: 1 | B4: Number of Bedrooms + 1 = Household size
A5: 2 | B5: Maximum AMI to purchase price on resale is 80%
B6: Affordable initial purchase price will be based upon 80% - 15% of 65% of AMI
A7: 3 | B7: Interest Rate for affordability will be the current market rate + 1%
A8: 4 | B8: Front-end housing costs will be 30% of the buyer's gross monthly income
A10: Definitions of Terms
B12: Appraised value, full appraised value or fee simple value = | C12: Market value of the home, appraised as though it were not a lease hold property (not permanently affordable with attached resale restrictions)
B14: Lease fee value = | C14: annual lease payment divided by the market-derived capitalization rate (which changes daily)
B16: Leasehold value = | C16: fee simple value - lease fee value
C17: See details about Determining the Leasehold Value HERE
B19: Market-derived capitalization rate = | C19: Daily Treasury Yield Curve Rates provided by the U.S. Department of Treasury.
C20: The market-derived capitalization rate can be found HERE
A22: Explanations
B23: The maximum sales price will be the lessor of 80% of the full appraised value or the affordable base price calculation results.
B24: The appraised value at the time of sale MUST be included if you are using an appraisal based resale formula or a Fannie Mae loan.
B25: The affordable base price calculation will include the current market interest rate in the calculation in order to produce a house price that will be affordable into the future for all income qualified buyers, whether or not Habitat or another organization is able to subsidize the loan or provide a 0% interest loan.
B26: In other words, while Habitat loans are 0% interest the affordable base price calculator assumes an interest rate; it then backs out the presumed interest in order to determine principle paid and thus the affordable house price.
A28: Other Affordable Base Price Determinants Depending on Loan Source
B29: Affordable Sales price maximum for Habitat Financed Loans = 80% of leasehold value
B30: Affordable Sales price maximum for Fannie Mae Loans = 80% of leasehold value
A33: NOTE: The locked sheets in this excel can be unlocked if you need to adjust formulas with the password: Habitat
